Map: [ESL] Tropical Sacrifice

Players

Velego

  • Race: Protoss Protoss
  • League: Diamond
  • Spawn Location: 7:00

Dolan - Winner!

  • Race: Terran Terran
  • League: Diamond
  • Spawn Location: 1:00

Event: DreamHack SC2 Masters 2022 Valencia

VOD

Have the link to the VOD?

Description

Time

  • Played on: July 1, 2022, 5:53 a.m.
  • Length: 7:47

All games in this series

Show
View Real Time Build Order
Export as new Build Order

Velego Protoss 

Build Orders: 1 Gate Expand, Blink Stalkers 

Get SALT Encoding   

  12  0:00  Probe  
  13  0:12  Probe  
  14  0:19  Pylon  
  14  0:24  Probe (Chrono Boost)  
  15  0:37  Probe (Chrono Boost)  
  15  0:38  Gateway  
  16  0:45  Probe (Chrono Boost)  
  16  0:46  Assimilator  
  17  0:52  Probe  
  18  1:04  Probe  
  19  1:16  Probe  
  20  1:24  Cybernetics Core  
  20  1:34  Nexus  
  20  1:40  Pylon  
  20  1:47  Probe  
  20  1:50  Assimilator  
  21  1:59  Adept (Chrono Boost)  
  21  2:00  Probe  
  22  2:03  Warp Gate  
  24  2:12  Probe  
  25  2:20  Stalker (Chrono Boost)  
  27  2:24  Probe  
  28  2:33  Twilight Council  
  28  2:36  Probe  
  29  2:42  Stalker (Chrono Boost)  
  31  2:47  Probe  
  31  2:48  Probe  
  33  2:59  Probe  
  33  3:02  Probe  
  35  3:08  Gateway  
  35  3:11  Gateway  
  35  3:12  Probe  
  36  3:20  Pylon  
  36  3:22  Probe  
  38  3:27  Blink (Chrono Boost)  
  38  3:35  Probe  
  38  3:39  Shield Battery  
  38  3:44  Robotics Facility  
  38  3:45  Probe  
  38  3:48  Probe  
  37  4:01  Probe (Chrono Boost)  
  31  4:15  Probe (Chrono Boost)  
  31  4:16  Probe (Chrono Boost)  
  35  4:25  Probe (Chrono Boost)  
  35  4:26  Nexus  
  35  4:27  Probe (Chrono Boost)  
  35  4:30  Probe (Chrono Boost)  
  36  4:33  Observer  
  36  4:34  Probe  
  36  4:37  Stalker  
  36  4:38  Stalker  
  42  4:39  Probe  
  43  4:46  Probe  
  43  4:51  Probe  
  45  4:54  Stalker  
  45  4:57  Observer  
  45  4:58  Probe  
  49  5:03  Probe  
  49  5:06  Pylon  
  50  5:09  Stalker  
  50  5:10  Stalker  
  54  5:21  Charge, Pylon  
  54  5:24  Probe x2  
  54  5:28  Sentry  
  58  5:31  Assimilator  
  58  5:37  Probe x2, Immortal (Chrono Boost)  
  64  5:47  Zealot  
  66  5:50  Gateway x2  
  66  5:52  Probe  
  66  5:53  Pylon  
  67  5:59  Shield Battery  
  67  6:00  Probe  
  67  6:01  Probe  
  69  6:05  Shield Battery  
  69  6:10  Probe  
  69  6:11  Immortal (Chrono Boost)  
  74  6:20  Shield Battery  
  74  6:21  Sentry, Zealot  
  74  6:25  Probe x3  
  81  6:34  Zealot  
  81  6:38  Probe x2  
  85  6:41  Robotics Bay  
  85  6:43  Zealot  
  87  6:49  Immortal (Chrono Boost)  
  91  7:00  Zealot  
  93  7:05  Pylon  
  93  7:07  Pylon  
  93  7:10  Pylon  
  93  7:25  Zealot x5  
Show
View Real Time Build Order
Export as new Build Order

Dolan Terran - Winner!

Build Orders:  

Get SALT Encoding   

  12  0:00  SCV  
  13  0:12  SCV  
  14  0:17  Supply Depot  
  14  0:24  SCV  
  15  0:39  SCV  
  15  0:40  Barracks  
  16  0:44  Refinery  
  16  0:51  SCV  
  16  0:53  Refinery  
  17  1:03  SCV  
  18  1:06  Supply Depot  
  18  1:15  SCV  
  19  1:27  Marine  
  19  1:30  Orbital Command  
  20  1:44  Factory  
  20  1:49  Barracks Reactor  
  20  1:55  SCV  
  21  2:08  SCV  
  22  2:18  Command Center  
  22  2:20  SCV  
  23  2:31  Reaper  
  23  2:32  SCV  
  23  2:33  Supply Depot  
  25  2:42  Hellion x2  
  29  2:45  SCV  
  30  2:57  SCV  
  31  3:03  Hellion x2, Barracks Tech Lab  
  35  3:10  SCV  
  35  3:11  Starport  
  36  3:22  SCV  
  37  3:30  Orbital Command, Marine x2  
  39  3:35  Cyclone  
  42  3:44  SCV  
  39  3:56  SCV  
  39  4:02  Marine  
  39  4:03  Marine  
  39  4:04  Starport Tech Lab  
  39  4:05  SCV  
  39  4:08  SCV  
  39  4:11  Siege Tank  
  42  4:17  SCV  
  42  4:18  Bunker  
  42  4:21  SCV  
  42  4:23  Raven  
  42  4:24  Barracks  
  46  4:25  Barracks  
  46  4:28  Marine x2  
  48  4:32  SCV  
  48  4:33  SCV  
  50  4:44  Refinery, SCV  
  50  4:45  SCV  
  52  4:49  Supply Depot  
  52  4:50  Engineering Bay  
  52  4:56  Supply Depot  
  52  4:57  SCV x2  
  54  5:11  SCV x2  
  54  5:12  Marine x2  
  58  5:16  Terran Infantry Weapons Level 1  
  58  5:19  Marine x2, Stimpack  
  58  5:20  Factory Reactor, Starport Reactor  
  60  5:21  Supply Depot  
  60  5:25  SCV x2  
  60  5:28  Refinery  
  62  5:30  Marine x2  
  62  5:31  Supply Depot  
  64  5:37  SCV x2, Marauder x2  
  70  5:48  Marine x2  
  72  5:51  Combat Shield  
  72  5:53  Supply Depot  
  72  5:56  SCV  
  73  5:58  Widow Mine x2  
  73  5:59  Marauder x2  
  81  6:06  Marine x2  
  81  6:10  Supply Depot  
  85  6:15  Medivac x2  
  85  6:16  Supply Depot  
  87  6:20  Marauder x2  
  87  6:23  Marine  
  87  6:24  Marine  
  93  6:32  Widow Mine x2  
  97  6:36  Command Center  
  97  6:39  Supply Depot  
  97  6:41  Supply Depot  
  97  6:42  Marine x2, Marauder  
  97  6:43  Marauder  
  102  6:48  Medivac x2  
  106  7:00  Marine x2  
  106  7:01  Widow Mine x2  
  111  7:04  Marauder x2  
  115  7:10  Barracks  
  115  7:12  Barracks  
  115  7:17  Supply Depot x2  

Tags
 
Add a new tag
Caveats
  • Supply blocks, unpowered buildings, or Contaminate may cause inaccurate times.
  • Supply counts are checked every 10 seconds.